 Dungeon Crawl Stone Soup version 0.28-a0-206-gc2c9e32840 (webtiles) character file.

Game seed: 6536027407318734524

29904 rabbitsville the Severer (level 13, -2/119 HPs)
             Began as a Minotaur Berserker on Aug 19, 2021.
             Was a High Priest of Trog.
             Slain by a death yak (12 damage)
             ... in an ice cave on Aug 20, 2021.
             The game lasted 01:23:21 (16662 turns).

rabbitsville the Severer (Minotaur Berserker)      Turns: 16662, Time: 01:23:22

Health: -2/119     AC: 23    Str: 27    XL:     13   Next: 17%
Magic:  12/12      EV:  4    Int:  4    God:    Trog [*****.]
Gold:   773        SH: 13    Dex: 10    Spells: 12/12 levels left

rFire   . . .      SeeInvis .   t - +0 war axe
rCold   . . .      Faith    .   I - +0 tower shield
rNeg    . . .      Spirit   .   b - +0 plate armour
rPois   .          Reflect  .   P - +2 hat
rElec   .          Harm     .   (no cloak)
rCorr   +          Rampage  .   u - +1 pair of gloves
Will    .....                   H - +0 pair of boots
Stlth   ..........              C - amulet of regeneration
HPRegen 1.29/turn               g - ring of resist corrosion
MPRegen 0.13/turn               F - +4 ring of protection

@: on berserk cooldown, slowed, very slow
A: horns 2, retaliatory headbutt
a: Renounce Religion, Berserk, Trog's Hand, Brothers in Arms


You were in an ice cave.
You worshipped Trog.
Trog was extremely pleased with you.
You visited 1 branch of the dungeon, and saw 13 of its levels.
You also visited: Sewer and Ice Cave.

You collected 773 gold pieces.

Inventory:

Hand Weapons
 k - a +4 vorpal hand axe
 t - a +0 war axe (weapon)
 G - a +2 hand axe of freezing
 M - a +0 battleaxe
Missiles
 h - 3 throwing nets
 x - 41 poisoned darts (quivered)
Armour
 b - a +0 plate armour (worn)
 o - a +2 scale mail of fire resistance
 u - a +1 pair of gloves (worn)
 H - a +0 pair of boots (worn)
 I - a +0 tower shield (worn)
 O - +0 acid dragon scales
 P - a +2 hat (worn)
Jewellery
 g - a ring of resist corrosion (left hand)
 s - a +6 ring of intelligence
 y - a ring of see invisible
 C - an amulet of regeneration (around neck)
 F - a +4 ring of protection (right hand)
Scrolls
 c - a scroll of holy word
 e - a scroll of summoning
 i - 5 scrolls of fear
 j - 3 scrolls of noise
 l - 2 scrolls of silence
 n - 6 scrolls of teleportation
 q - a scroll of immolation {unknown}
 r - 3 scrolls of enchant armour
 E - 2 scrolls of vulnerability
 J - 2 scrolls of fog
 L - a scroll of blinking
Potions
 a - a potion of haste {unknown}
 d - 4 potions of resistance
 m - a potion of heal wounds
 p - a potion of attraction {unknown}
 v - 2 potions of ambrosia
 w - a potion of magic {unknown}
 z - a potion of might {unknown}
 A - a potion of experience {unknown}
 B - 2 potions of mutation
 D - 2 potions of lignification {unknown}
Miscellaneous
 N - a condenser vane


   Skills:
 - Level 12.7 Fighting
 - Level 20.0 Axes
 - Level 8.2 Armour
 - Level 2.1 Dodging
 - Level 0.3 Stealth
 + Level 6.3 Shields


You had 12 spell levels left.
You didn't know any spells.
Your spell library was empty.

Dungeon Overview and Level Annotations

Branches:
Dungeon (13/15)            Temple (0/1) D:6            Lair (0/6) D:11
    Orc (0/2) D:11          Sewer (visited)           IceCv (1/1)
 Vaults: D:13-14

Altars:
Elyvilon

Shops:
D:7 *

Annotations:
D:10 3 runed translucent doors, siradein's ghost, journeyman TrFi
D:12 Azrael IceCv exclusion: ice statue


Innate Abilities, Weirdness & Mutations

You have a pair of horns on your head.
You reflexively headbutt those who attack you in melee.


Message History

You hit the death yak.
You kill the death yak!
Trog accepts your kill.
You hit the frost giant but do no damage.
You block the frost giant's attack.
Your Shields skill increases to level 6!
You hit the death yak.
The death yak is lightly wounded.
You hit the frost giant but do no damage.
You block the death yak's attack.
The frost giant hits you with a +2 battleaxe of freezing!!
The frost giant freezes you!
You hit the frost giant. You headbutt the frost giant!
The frost giant is lightly wounded.
You hit the death yak but do no damage. You hit the frost giant.
You headbutt the frost giant!
The frost giant is moderately wounded.
You hit the death yak. You block the frost giant's attack.
You block the death yak's attack.
You hit the death yak but do no damage.
The death yak is lightly wounded.
You slash the frost giant!
You are no longer berserk.
You are exhausted.
You feel yourself slow down.
You slice the death yak!! You headbutt the death yak!
The death yak is heavily wounded.
You slice the frost giant!! The death yak gores you!
The frost giant hits you with a +2 battleaxe of freezing!
* * * LOW HITPOINT WARNING * * *
The frost giant freezes you.
* * * LOW HITPOINT WARNING * * *
The death yak gores you but does no damage.
The frost giant hits you but does no damage.
You feel much better. You block the death yak's attack.
The frost giant casts a spell at you. The bolt of cold hits you!!
* * * LOW HITPOINT WARNING * * *
The death yak gores you!
You die...

#... # ##...#### ##
#....####### ##.
###...#....## #.. ###
###....##.. #..
##.###### #########
#.##.#.#[.:## ###..
#..###..⌠..# ##....
###Y@##...######....#
#hYC##..#####.....###
#..h###..####.....##
#.... ##...#....###
## ##...
###...†#######≈ ###.
#####..##≈≈≈≈ $.
#.#..≈≈≈≈ :#
####≈≈≈≈≈ # ###≈#≈


You could see a frost giant, 2 death yaks and 2 wolves.

Vanquished Creatures
  Gastronok (D:11)
  Frances (D:12)
  Snorg (D:10)
  A boulder beetle (D:11)
  A centaur warrior (D:9)
  4 two-headed ogres
  5 death yaks (IceCv)
  Urug (D:11)
  A wizard (D:11)
  A deep elf pyromancer (D:12)
  An ugly thing (D:12)
  2 manticores
  A cyclops (D:12)
  An elephant (D:11)
  A rime drake (IceCv)
  A kobold demonologist (D:12)
  An unseen horror (D:5)
  A troll (D:9)
  8 polar bears (IceCv)
  2 hornets
  Grinder (Sewer)
  4 slime creatures (D:12)
  A shadow (D:10)
  38 yaks
  A wyvern (D:10)
  A basilisk (D:11)
  Menkaure (D:4)
  Grum (D:10)
  A steam dragon (D:8)
  An acid dragon (D:10)
  An ice beast (D:6)
  2 orc warriors
  3 black bears
  An ogre (D:3)
  A necrophage (D:7)
  2 sky beasts
  13 wolves
  2 phantoms
  3 centaurs
  2 bullfrogs
  3 kobold brigands
  A gnoll sergeant (D:9)
  5 scorpions
  A jelly (D:5)
  5 howler monkeys
  2 bullfrog zombies
  2 quasits (Sewer)
  3 centaur zombies
  A hound (D:5)
  4 orc priests
  A bullfrog skeleton (D:5)
  A centaur skeleton (D:6)
  Jessica (D:3)
  A gnoll shaman (D:4)
  Natasha (twice) (D:3)
  Terence (D:2)
  2 iguanas (D:5)
  10 orc wizards
  3 howler monkey zombies
  10 gnolls
  2 howler monkey skeletons
  2 river rats (D:6)
  5 adders
  6 ufetubi
  2 worms (D:6)
  4 dart slugs
  31 orcs
  7 endoplasms
  7 giant cockroaches
  12 goblins
  7 hobgoblins
  8 jackals (D:3)
  2 quokkas
  10 ball pythons
  5 bats
  5 frilled lizards
  28 kobolds
  6 rats
324 creatures vanquished.

Vanquished Creatures (collateral kills)
  An ugly thing (D:11)
  A hornet (D:8)
  An acid dragon (D:11)
3 creatures vanquished.

Vanquished Creatures (others)
  2 kobold zombies (Sewer)
  2 plants (D:11)
4 creatures vanquished.

Grand Total: 331 creatures vanquished

Notes
Turn   | Place    | Note
-------+----------+-------------------------------------------
     0 | D:1      | rabbitsville the Minotaur Berserker began the quest for the
                  | Orb.
     0 | D:1      | Reached XP level 1. HP: 19/19 MP: 0/0
   190 | D:1      | Reached skill level 4 in Axes
   193 | D:1      | Reached XP level 2. HP: 21/27 MP: 1/1
   845 | D:1      | Found a faded altar of an unknown god.
  1196 | D:1      | Reached XP level 3. HP: 32/33 MP: 2/2
  1307 | D:2      | Reached ** piety under Trog
  1536 | D:2      | Reached skill level 5 in Axes
  1544 | D:2      | You fall into a shaft and drop 2 floors!
  1811 | D:4      | Reached XP level 4. HP: 41/41 MP: 3/3
  1834 | D:4      | Reached skill level 6 in Axes
  2089 | D:4      | Reached XP level 5. HP: 42/47 MP: 4/4
  2481 | D:4      | Noticed Menkaure
  2510 | D:5      | Entered Level 5 of the Dungeon
  2739 | D:4      | Killed Menkaure
  2740 | D:4      | Reached skill level 5 in Fighting
  2740 | D:4      | Reached skill level 7 in Axes
  2740 | D:4      | Reached XP level 6. HP: 56/56 MP: 5/5
  2818 | D:4      | Reached skill level 8 in Axes
  3100 | D:4      | Found a white marble altar of Elyvilon.
  3532 | D:3      | Reached *** piety under Trog
  3574 | D:3      | Reached XP level 7. HP: 44/61 MP: 6/6
  3783 | D:3      | Noticed Natasha
  3789 | D:3      | Killed Natasha
  3793 | D:3      | Reached skill level 9 in Axes
  3825 | D:3      | Upgraded the game from 0.28-a0-199-g298df9dbad to
                  | 0.28-a0-206-gc2c9e32840
  3966 | D:3      | Noticed Natasha
  3972 | D:3      | Killed Natasha
  4260 | D:2      | Noticed Terence
  4270 | D:2      | Killed Terence
  4596 | D:3      | Noticed Jessica
  4600 | D:3      | Killed Jessica
  5161 | D:5      | Reached skill level 10 in Axes
  5244 | D:5      | Reached XP level 8. HP: 55/71 MP: 7/7
  5372 | D:5      | Noticed a two-headed ogre
  5386 | D:5      | Killed a two-headed ogre
  5387 | D:5      | Reached skill level 11 in Axes
  5463 | D:5      | Killed an unseen horror
  5464 | D:5      | Reached skill level 12 in Axes
  5464 | D:5      | Reached XP level 9. HP: 36/82 MP: 8/8
  6364 | D:6      | Found a staircase to the Ecumenical Temple.
  6396 | D:6      | Reached **** piety under Trog
  6511 | D:6      | Found a glowing drain.
  6517 | Sewer    | Entered a sewer
  6701 | Sewer    | Found a burning altar of Makhleb.
  6758 | Sewer    | Noticed Grinder
  6770 | Sewer    | Paralysed by Grinder for 2 turns
  6774 | Sewer    | Killed Grinder
  7162 | D:6      | Reached skill level 13 in Axes
  7717 | D:7      | Found Hellet's Overcharged Wands.
  8542 | D:8      | Paralysed by a hornet for 1 turns
  8547 | D:8      | Reached skill level 14 in Axes
  8928 | D:8      | Reached skill level 10 in Fighting
  9319 | D:8      | Reached XP level 10. HP: 85/93 MP: 9/9
  9791 | D:9      | Noticed a centaur warrior
  9795 | D:9      | Killed a centaur warrior
  9802 | D:9      | Reached ***** piety under Trog
  9993 | D:9      | Reached skill level 15 in Axes
 10517 | D:10     | Entered Level 10 of the Dungeon
 10587 | D:10     | Noticed a two-headed ogre
 10596 | D:10     | Killed a two-headed ogre
 10638 | D:10     | Paralysed by a centaur for 7 turns
 10850 | D:10     | Reached skill level 16 in Axes
 11030 | D:10     | Reached XP level 11. HP: 94/104 MP: 10/10
 11316 | D:10     | Noticed Grum
 11325 | D:10     | Killed Grum
 11559 | D:10     | Found a runed translucent gate.
 11559 | D:10     | Found a runed translucent gate.
 11559 | D:10     | Found a runed translucent gate.
 11560 | D:10     | Noticed siradein's ghost (journeyman TrFi)
 11914 | D:11     | Noticed a two-headed ogre
 11995 | D:11     | Noticed Urug
 12032 | D:11     | Noticed a boulder beetle
 12042 | D:10     | Killed a two-headed ogre
 12043 | D:10     | Reached skill level 17 in Axes
 12429 | D:11     | Noticed Snorg
 12429 | D:11     | Noticed a wizard
 12441 | D:10     | Killed Snorg
 12895 | D:11     | Killed a boulder beetle
 12960 | D:11     | Noticed a two-headed ogre
 12972 | D:11     | Killed a two-headed ogre
 13112 | D:11     | Reached skill level 18 in Axes
 13114 | D:11     | Noticed a red ugly thing
 13119 | D:11     | Killed a red ugly thing
 13199 | D:11     | Noticed Gastronok
 13231 | D:11     | Killed Gastronok
 13333 | D:11     | Killed Urug
 13469 | D:11     | Found a staircase to the Orcish Mines.
 13484 | D:11     | Reached skill level 19 in Axes
 13484 | D:11     | Reached XP level 12. HP: 101/111 MP: 11/11
 13572 | D:11     | Found a staircase to the Lair.
 14110 | D:12     | Noticed Frances
 14131 | D:12     | Killed Frances
 14521 | D:12     | Reached skill level 20 in Axes
 15527 | D:12     | Reached skill level 5 in Armour
 15619 | D:12     | Noticed Azrael
 15762 | D:13     | Found a frozen archway.
 15771 | IceCv    | Entered an ice cave
 15806 | IceCv    | Received a gift from Trog
 16475 | IceCv    | Noticed a death yak
 16482 | IceCv    | Reached skill level 1 in Shields
 16495 | IceCv    | Killed a death yak
 16504 | IceCv    | Reached XP level 13. HP: 109/119 MP: 12/12
 16593 | IceCv    | Reached skill level 5 in Shields
 16646 | IceCv    | Noticed a frost giant
 16662 | IceCv    | Slain by a death yak

Illustrated notes

Levels and vault maps discovered:
D:1:      erik_arrival_triangle_medium, layout_basic,
          dreamdust_ecumenical_altar_statues, grunt_decor_fettered,
          minmay_ruptured
D:2:      layout_basic, uniq_terence
D:3:      minmay_spotlight, layout_loops_ring, minmay_misc_feat_roman,
          uniq_natasha, uniq_jessica
D:4:      layout_basic, nicolae_elyvilon_peaceful_grove, uniq_menkaure
D:5:      minmay_chambers_of_fours, layout_gridville
D:6:      layout_rooms, minmay_temple_entry_trees, lightli_sewer_entry_pipes,
          kennysheep_cross_room
D:7:      layout_basic, nicolae_shop_overcharged_wands
D:8:      layout_basic
D:9:      layout_roguey
D:10:     layout_cave_pods, gammafunk_ghost_necromancy, uniq_grum
D:11:     layout_cave_pools, david_lair_generic, david_orc_2, uniq_snorg,
          uniq_gastronok, uniq_urug
D:12:     layout_gridville, uniq_frances, uniq_azrael
D:13:     layout_loops_corners, lightli_vaults_fourway_checkpoint,
          portal_ice_cave_entry_pillars_1, nicolae_alphabet_shops, uniq_rupert
IceCv:    ice_cave_caverns_01

Skill      XL: |  1  2  3  4  5  6  7  8  9 10 11 12 13 |
---------------+----------------------------------------+-----
Axes           | 4 5 6 7 8 10 12 14 16 19 20 | 20.0
Fighting       | 4 5 6 8 10 11 12 | 12.7
Armour         | 8 |  8.2
Shields        | 2 6 |  6.3
Dodging        | |  2.1
Stealth        | |  0.3

Action                   |  1- 3 |  4- 6 |  7- 9 | 10-12 | 13-15 || total
-------------------------+-------+-------+-------+-------+-------++-------
Melee: Hand axe          |    79 |    94 |   138 |       |       ||   311
       Headbutt          |    14 |    18 |    55 |   159 |    18 ||   264
       War axe           |       |       |   197 |   534 |    49 ||   780
Throw: Dart              |       |       |       |    19 |       ||    19
Invok: Berserk           |     1 |     1 |     6 |    16 |     1 ||    25
       Brothers in Arms  |       |       |     1 |     1 |       ||     2
  Use: Scroll            |     3 |     1 |     8 |     7 |       ||    19
       Potion            |       |       |     1 |     2 |     1 ||     4
Armor: Animal skin       |     2 |       |       |       |       ||     2
       Chain mail        |    19 |    37 |   192 |       |       ||   248
       Scale mail        |       |       |     2 |    21 |       ||    23
       Plate armour      |       |       |       |   296 |    38 ||   334
Dodge: Dodged            |    48 |    29 |   130 |   127 |     7 ||   341
Block: Tower shield      |       |       |       |    26 |    30 ||    56

Table legend: (Time is in decaauts)
 A = Elapsed time spent in this place.
 B = Non-inter-level travel time spent in this place.
 C = Inter-level travel time spent in this place.
 D = Time resting spent in this place.
 E = Time spent auto-exploring this place.
 F = Levels seen in this place.
 G = Mean time per level.
                   A        B        C        D        E       F      G
               +--------+--------+--------+--------+--------+-----+--------+
         Total |  16769 |  16284 |    485 |   4739 |   4792 |  15 | 1117.9 |
       Dungeon |  15337 |  14852 |    485 |   4546 |   4435 |  13 | 1179.8 |
         Sewer |    568 |    568 |      0 |    156 |    115 |   1 |  568.0 |
      Ice Cave |    863 |    863 |      0 |     36 |    241 |   1 |  863.0 |
               +--------+--------+--------+--------+--------+-----+--------+

Top non-repeatable levels by time:
    D:10: 2345 daAuts
    D:12: 1854 daAuts
     D:5: 1755 daAuts
     D:4: 1654 daAuts
     D:8: 1343 daAuts
     D:1: 1260 daAuts
    D:11: 1073 daAuts
     D:9: 1059 daAuts
     D:3: 992 daAuts
   IceCv: 863 daAuts
     D:6: 822 daAuts
     D:2: 744 daAuts
   Sewer: 568 daAuts
     D:7: 392 daAuts
    D:13: 39 daAuts
